 Dungeon Sprint DCSS version 0.27-a0-789-g6bb3289e1e (webtiles) character file.

Game seed: 9085776907026921229

55 Grognak the Skirmisher (level 3, -5/45 HPs)
             Began as an Ogre Fighter on Mar 26, 2021.
             Slain by an ogre
             ... wielding a +0 giant club
              (26 damage)
             ... in the Dungeon (Sprint IX: "|||||||||||||||||||||||||||||").
             The game lasted 00:00:16 (45 turns).

Grognak the Skirmisher (Ogre Fighter)                 Turns: 45, Time: 00:00:17

Health: -5/45      AC:  3    Str: 20    XL:     3   Next: 93%
Magic:  3/3        EV:  9    Int:  9    God:
Gold:   0          SH:  9    Dex:  9    Spells: 2/2 levels left

rFire    . . .     SeeInvis .   a - +0 trident
rCold    . . .     Faith    .   c - +0 kite shield
rNeg     . . .     Spirit   .   b - +0 robe
rPois    .         Reflect  .   (helmet restricted)
rElec    .         Harm     .   (no cloak)
rCorr    .         Rampage  .   (gloves unavailable)
Will     .....     NoTele   +   (boots unavailable)
Stlth    +.........             (no amulet)
HPRegen  0.15/turn              (no ring)
MPRegen  0.08/turn              (no ring)

@: berserk cooldown, slowed, very slow
A: large, unfitting armour, tough skin 1
a: no special abilities


You were in the Dungeon.
You visited 1 branch

Inventory:

Hand Weapons
 a - a +0 trident (weapon)
Armour
 b - a +0 robe (worn)
 c - a +0 kite shield (worn)
Scrolls
 j - a scroll of blinking
Potions
 d - a potion of might
 e - a potion of curing
 f - a potion of heal wounds
 g - a potion of haste
 h - 2 potions of magic


   Skills:
 * Level 6.4 Fighting
 * Level 3.0 Polearms
 * Level 4.6 Dodging
 * Level 4.4 Shields


You had 2 spell levels left.
You didn't know any spells.
Your spell library was empty.

Dungeon Overview and Level Annotations

Branches:
Dungeon (1/1)

Altars:


Innate Abilities, Weirdness & Mutations

You are too large for most types of armour.
You have tough skin. (AC +1)


Message History

The scorpion stings you.
You are poisoned.
The scorpion poisons you!
You barely miss the scorpion.
The scorpion is lightly wounded.
You feel extremely sick. The scorpion stings you!
You barely miss the scorpion.
The scorpion is lightly wounded.
You feel sick. The scorpion stings you.
You impale the scorpion!!
You kill the scorpion!
You feel sick.
Your Fighting skill gained 2 levels and is now at level 6!
Your Polearms skill increases to level 3!
Your Dodging skill increases to level 4!
Your Shields skill increases to level 4!
You have reached level 2!
You have reached level 3!
Your experience leads to an increase in your attributes!
Increase (S)trength, (I)ntelligence, or (D)exterity?
You feel agile.
You feel stronger.
You feel sick. The ogre closely misses you.
There is an open door here.
You hit the ogre.
The ogre is lightly wounded.
You feel sick.
You are no longer poisoned.
You block the ogre's attack.
You barely miss the ogre.
The ogre is lightly wounded.
You block the ogre's attack.
You puncture the ogre!
The ogre is severely wounded.
You are no longer berserk.
You are exhausted.
You feel yourself slow down.
The ogre hits you with a +0 giant club!!
Ouch! That really hurt!
You die...

▓.▓
▓.▓
▓†▓
▓)▓
▓.▓
▓.▓
▓.▓
▓.▓
▓@▓
▓O▓
▓s▓
▓Z▓
▓Z▓
▓.▓
▓+▓


You could see an ogre, a scorpion, a bat zombie and a ball python skeleton.

Vanquished Creatures
  A scorpion (D)
  A ball python (D)
  2 hobgoblins (D)
  A kobold (D)
  A rat (D)
6 creatures vanquished.

Notes
Turn   | Place    | Note
-------+----------+-------------------------------------------
     0 | D        | Grognak the Ogre Fighter began the quest for the Orb.
     0 | D        | Reached XP level 1. HP: 24/24 MP: 1/1
    34 | D        | Noticed a scorpion
    34 | D        | Noticed an ogre
    34 | D        | Noticed a scorpion
    41 | D        | Killed a scorpion
    42 | D        | Reached skill level 6 in Fighting
    42 | D        | Reached XP level 2. HP: 26/37 MP: 2/2
    42 | D        | Reached XP level 3. HP: 32/45 MP: 3/3
    45 | D        | Slain by an ogre

Illustrated notes

Levels and vault maps discovered:
D:        linesprint [early_d, line_temple, items_1, d_10, items_2, lair_1,
          lair_end, items_3, orc_1, orc_end, items_4, d_15, swamp_1, shoals_1,
          snake_1, spider_1, d_20, vaults_1, items_5, swamp_end, shoals_end,
          snake_end, spider_end, vaults_end, d_27, items_6, zot_1, zot_end,
          crypt_end, forest_end, elf_end, slime_end, tomb_end, abyss_end,
          pan_hell_end]

Skill      XL: |  1 |
---------------+----+-----
Dodging        | 4 |  4.6
Shields        | 4 |  4.4
Fighting       | 6 |  6.4
Polearms       | 3 |  3.0

Action                   || total
-------------------------++-------
Melee: Trident           ||    19
  Use: Potion            ||     1
Armor: Robe              ||     2
Dodge: Dodged            ||     6
Block: Kite shield       ||     6

Table legend: (Time is in decaauts)
 A = Elapsed time spent in this place.
 B = Non-inter-level travel time spent in this place.
 C = Inter-level travel time spent in this place.
 D = Time resting spent in this place.
 E = Time spent auto-exploring this place.
 F = Levels seen in this place.
 G = Mean time per level.
                   A        B        C        D        E       F      G
               +--------+--------+--------+--------+--------+-----+--------+
         Total |     48 |     48 |      0 |     14 |      0 |   1 |   48.0 |
       Dungeon |     48 |     48 |      0 |     14 |      0 |   1 |   48.0 |
               +--------+--------+--------+--------+--------+-----+--------+

Top non-repeatable levels by time:
       D: 48 daAuts
